Canadiens vs Penguins

Created - 5 décembre 2017 at 06:09

Goals
1 2 3 T
Canadiens 0 2 1 3
Penguins 4 2 0 6
Shots
1 2 3 T
Canadiens 8 15 10 33
Penguins 12 19 13 44

1st period

1. Penguins , Markus Granlund 6 (Brian Boyle 7, Michael Grabner 4) at 2:23 (PP)
2. Penguins , Brad Marchand 8 (Dmitry Orlov 4) at 4:25
3. Penguins , Brad Marchand 9 (Mikael Granlund 11, Brian Boyle 8) at 11:06
4. Penguins , Auston Matthews 4 (Brad Marchand 18, Mikael Granlund 12) at 17:48

Penalties :
Chris Kreider (MTL) for Tripping (Minor) at 1:46, Brad Marchand (PIT) for Boarding (Minor) at 15:37

2nd period

5. Canadiens , Nino Niederreiter 7 (Francois Beauchemin 8, Reilly Smith 11) at 1:37
6. Penguins , Mikael Granlund 9 (Brad Marchand 19) at 4:19
7. Penguins , Brian Boyle 6 (Leo Komarov 7, Trevor van Riemsdyk 4) at 8:08
8. Canadiens , Antoine Roussel 5 (Francois Beauchemin 9, Andreas Athanasiou 5) at 14:29

Penalties :
Benoit Pouliot (PIT) for Diving (Minor) at 15:21

3rd period

9. Canadiens , Antoine Roussel 6 (Sven Baertschi 6, MATHEW BARZAL 1) at 1:14

Penalties :
No Penalty

Goalie Stats

Brian Elliott (MTL), 5 saves from 9 shots - (0,556), L, 3-4-0, 17:48 minutes
Robin Lehner (MTL), 33 saves from 35 shots - (0,943), 42:12 minutes
Zane McIntyre (PIT), 30 saves from 33 shots - (0,909), W, 2-1-0, 60:00 minutes

Players Stats for Canadiens

Player Name              G  A  P  +/- PIM S  H  SB GA TA FO     MP     PP MP  PK MP  
------------------------------------------------------------------------------------
Alexei Emelin            0  0  0   3  0   0  6  3  0  0  0/0    17:45   0:00   0:00 
Andreas Athanasiou       0  1  1   1  0   2  0  0  0  0  0/2     9:35   0:00   0:00 
Antoine Roussel          2  0  2   1  0   4  1  0  0  1  0/0     9:21   0:00   0:24 
Brent Seabrook           0  0  0  -4  0   0  2  1  0  2  0/0    22:28   2:11   0:00 
Brett Pesce              0  0  0  -1  0   2  0  0  1  1  0/0    19:47   1:47   0:37 
Bryan Little             0  0  0  -2  0   1  2  0  2  0  12/16   9:50   1:08   0:13 
Calvin de Haan           0  0  0  -2  0   2  2  0  0  2  0/0    19:20   1:47   0:00 
Chris Kreider            0  0  0  -2  2   4  2  0  1  0  1/2    17:34   1:24   0:00 
Francois Beauchemin      0  2  2   3  0   2  0  1  0  0  0/0    18:22   0:00   0:37 
Jake Muzzin              0  0  0  -3  0   0  2  2  0  0  0/0    22:18   2:11   0:00 
MATHEW BARZAL            0  1  1  -1  0   1  2  1  1  0  14/21  19:37   0:55   0:00 
Max Pacioretty           0  0  0  -1  0   0  1  0  2  0  1/2    20:15   2:20   0:00 
Mitchell Marner          0  0  0  -2  0   1  0  1  2  1  0/1    18:21   2:25   0:00 
Nino Niederreiter        1  0  1   0  0   5  4  0  0  0  1/1    14:04   1:24   0:00 
Patrick Marleau          0  0  0  -1  0   3  0  0  1  0  0/1    19:14   1:24   0:00 
Reilly Smith             0  1  1   0  0   2  0  0  1  1  4/5    16:39   0:31   0:13 
Ryan Strome              0  0  0   0  0   1  2  0  0  1  7/14   14:01   0:23   0:24 
Sven Baertschi           0  1  1   1  0   3  0  0  1  0  0/0    10:51   0:00   0:00 

Players Stats for Penguins

Player Name              G  A  P  +/- PIM S  H  SB GA TA FO     MP     PP MP  PK MP  
------------------------------------------------------------------------------------
Andrew MacDonald         0  0  0   0  0   2  0  2  0  2  0/0    21:14   0:08   1:20 
Auston Matthews          1  0  1   4  0   5  1  1  0  0  7/21   19:50   0:21   0:00 
Benoit Pouliot           0  0  0  -1  2   0  2  1  1  0  0/1    11:41   0:00   0:00 
Brad Marchand            2  2  4   4  2   6  3  0  2  1  1/3    19:49   0:21   0:00 
Brian Boyle              1  2  3  -1  0   5  0  0  2  3  11/29  18:11   0:08   2:13 
Dmitry Orlov             0  1  1   2  0   0  3  0  0  1  0/0    19:10   0:29   0:00 
Joel Armia               0  0  0  -1  0   1  1  1  0  0  0/1    11:42   0:00   0:00 
Leo Komarov              0  1  1  -1  0   6  1  0  0  3  1/2    16:49   0:00   0:59 
Marian Gaborik           0  0  0   0  0   1  0  0  0  0  0/0     8:40   0:16   0:00 
Markus Granlund          1  0  1  -1  0   2  0  0  0  0  4/7    12:57   0:16   0:59 
Matt Read                0  0  0   0  0   1  0  1  0  0  1/1     9:13   0:00   0:49 
Michael Grabner          0  1  1  -1  0   2  0  0  2  0  0/0    18:25   0:16   2:19 
Mikael Granlund          1  2  3   4  0   4  1  0  1  1  0/0    20:27   0:21   0:37 
Niklas Kronwall          0  0  0   0  0   2  2  4  0  0  0/0    19:46   0:00   0:00 
Roman Polak              0  0  0   0  0   2  0  0  0  1  0/0    19:36   0:00   2:38 
Shane Doan               0  0  0   0  0   0  1  0  0  0  0/0     8:24   0:00   0:00 
Trevor van Riemsdyk      0  1  1   0  0   3  1  1  0  0  0/0    18:40   0:00   1:20 
Tyler Myers              0  0  0   2  0   2  0  4  1  0  0/0    21:26   0:29   2:38 

3 Stars

1 - Brad Marchand (PIT)
2 - Mikael Granlund (PIT)
3 - Auston Matthews (PIT)

Power Play

Canadiens - 0 on 2 Attempt(s) - 0,00%
Penguins - 1 on 1 Attempt(s) - 100,00%

Penalty Kill

Canadiens - 0 on 1 Attempt(s) - 0,00% - Score 0 goal in Penalty Kill
Penguins - 2 on 2 Attempt(s) - 100,00% - Score 0 goal in Penalty Kill

Team Stat

Canadiens - Hits : 26 - Faceoff Wins : 40 - Blocked Shots : 9 - Penalty Minutes : 2
Penguins - Hits : 16 - Faceoff Wins : 25 - Blocked Shots : 15 - Penalty Minutes : 4

Official

Referees : Dan O'Halloran and Dave Jackson
Linesman : Tim Nowak and Andy McElman

Game Notes

Robin Lehner enters game at 17:48 of 1st period
Bryan Little is injured at 12:12 of 2nd period (Lacerated Right Calf)

Finance

Level 1 -- Attendance: 5514 (91,90%) -- Ticket Income 468 690 $
Level 2 -- Attendance: 4474 (89,48%) -- Ticket Income 268 440 $
Level 3 -- Attendance: 2000 (100,00%) -- Ticket Income 70 000 $
Level 4 -- Attendance: 3885 (97,13%) -- Ticket Income 77 700 $
Luxury Box -- Attendance: 923 (92,30%) -- Ticket Income 166 140 $
Game was played at the Consol Energy Center.
Total Attendance: 16796 (93,31%)
Total Ticket Income: 1 050 970 $
Other Income: 514 975 $
Total Income: 1 565 945 $

Canadiens

5 vs 5 Forward 
   Center                   Left Wing                Right Wing               Time % Phy DF OF 
 1 Bryan Little             Chris Kreider            Mitchell Marner          30     0   2  3  
 2 MATHEW BARZAL            Max Pacioretty           Patrick Marleau          30     0   2  3  
 3 Ryan Strome              Reilly Smith             Nino Niederreiter        25     0   2  3  
 4 Andreas Athanasiou       Sven Baertschi           Antoine Roussel          15     0   2  3  

5 vs 5 Defense 
   Defense                  Defense                                           Time % Phy DF OF 
 1 Brent Seabrook           Calvin de Haan                                    32     0   3  2  
 2 Jake Muzzin              Brett Pesce                                       31     0   3  2  
 3 Alexei Emelin            Francois Beauchemin                               31     0   3  2  
 4 Brent Seabrook           Jake Muzzin                                       6      0   3  2  

PowerPlay Forward 
   Center                   Left Wing                Right Wing               Time % Phy DF OF 
 1 Bryan Little             Max Pacioretty           Mitchell Marner          50     0   1  4  
 2 Patrick Marleau          Chris Kreider            Nino Niederreiter        50     0   1  4  

PowerPlay Defense
   Defense                  Defense                                           Time % Phy DF OF 
 1 Brent Seabrook           Jake Muzzin                                       50     0   2  3  
 2 Brett Pesce              Calvin de Haan                                    50     0   2  3  

Penalty Kill 4 Players Forward 
   Center                   Wing                     Time % Phy DF OF 
 1 Ryan Strome              Antoine Roussel          60     0   4  1  
 2 Bryan Little             Reilly Smith             40     0   4  1  

Penalty Kill 4 Players Defense
   Defense                  Defense                  Time % Phy DF OF 
 1 Brett Pesce              Francois Beauchemin      60     0   5  0  
 2 Alexei Emelin            Calvin de Haan           40     0   5  0  

Penalty Kill - 3 Players Forward 
   Forward                                           Time % Phy DF OF 
 1 Antoine Roussel                                   50     0   5  0  
 2 Reilly Smith                                      50     0   5  0  

Penalty Kill - 3 Players Defense
   Defense                  Defense                  Time % Phy DF OF 
 1 Brent Seabrook           Francois Beauchemin      50     0   5  0  
 2 Calvin de Haan           Alexei Emelin            50     0   5  0  

4 vs 4 Forward 
   Center                   Wing                     Time % Phy DF OF 
 1 Patrick Marleau          Chris Kreider            50     0   2  3  
 2 Max Pacioretty           Nino Niederreiter        50     0   2  3  

4 vs 4 Defense
   Defense                  Defense                  Time % Phy DF OF 
 1 Brent Seabrook           Calvin de Haan           50     0   3  2  
 2 Jake Muzzin              Brett Pesce              50     0   3  2  

Last Minutes Offensive
   Center                   Left Wing                Right Wing               Defense                  Defense                  
   Bryan Little             Max Pacioretty           Chris Kreider            Brent Seabrook           Jake Muzzin              

Last Minutes Defensive
   Center                   Left Wing                Right Wing               Defense                  Defense                  
   Bryan Little             Antoine Roussel          Reilly Smith             Francois Beauchemin      Brent Seabrook           

Goaltenders
Starting : Brian Elliott            
Backup : Robin Lehner             

Extra Forwards
Normal : Reilly Smith, Ryan Strome, Sven Baertschi - PP : Reilly Smith, Ryan Strome - PK : MATHEW BARZAL
Extra Defensemen
Normal : Calvin de Haan, Brett Pesce, Francois Beauchemin - PP : Calvin de Haan - PK : Brett Pesce, Francois Beauchemin
Penalty Shots
Antoine Roussel, Mitchell Marner, Brent Seabrook, MATHEW BARZAL, Patrick Marleau
Custom OT Lines Forwards
Bryan Little, MATHEW BARZAL, Max Pacioretty, Mitchell Marner, Chris Kreider, Patrick Marleau, Nino Niederreiter, Reilly Smith, Ryan Strome, Sven Baertschi
Custom OT Lines Defensemen
Brent Seabrook, Jake Muzzin, Brett Pesce, Calvin de Haan, Francois Beauchemin

Scratches
Steve Ott (Healthy), Taylor Chorney (Healthy), Taylor Beck (Healthy)

Penguins

5 vs 5 Forward 
   Center                   Left Wing                Right Wing               Time % Phy DF OF 
 1 Auston Matthews          Brad Marchand            Mikael Granlund          34     0   2  3  
 2 Brian Boyle              Michael Grabner          Leo Komarov              30     0   2  3  
 3 Markus Granlund          Benoit Pouliot           Joel Armia               21     0   3  2  
 4 Matt Read                Marian Gaborik           Shane Doan               15     0   3  2  

5 vs 5 Defense 
   Defense                  Defense                                           Time % Phy DF OF 
 1 Tyler Myers              Dmitry Orlov                                      35     1   3  1  
 2 Niklas Kronwall          Andrew MacDonald                                  35     1   3  1  
 3 Roman Polak              Trevor van Riemsdyk                               30     1   2  2  
 4 Trevor van Riemsdyk      Tyler Myers                                       0      1   2  2  

PowerPlay Forward 
   Center                   Left Wing                Right Wing               Time % Phy DF OF 
 1 Auston Matthews          Brad Marchand            Mikael Granlund          60     0   0  5  
 2 Markus Granlund          Michael Grabner          Marian Gaborik           40     1   1  3  

PowerPlay Defense
   Defense                  Defense                                           Time % Phy DF OF 
 1 Tyler Myers              Dmitry Orlov                                      56     1   2  2  
 2 Brian Boyle              Andrew MacDonald                                  44     1   2  2  

Penalty Kill 4 Players Forward 
   Center                   Wing                     Time % Phy DF OF 
 1 Brian Boyle              Michael Grabner          60     1   3  1  
 2 Markus Granlund          Leo Komarov              40     1   3  1  

Penalty Kill 4 Players Defense
   Defense                  Defense                  Time % Phy DF OF 
 1 Tyler Myers              Roman Polak              60     1   4  0  
 2 Trevor van Riemsdyk      Andrew MacDonald         40     0   5  0  

Penalty Kill - 3 Players Forward 
   Forward                                           Time % Phy DF OF 
 1 Brian Boyle                                       60     1   3  1  
 2 Markus Granlund                                   40     1   3  1  

Penalty Kill - 3 Players Defense
   Defense                  Defense                  Time % Phy DF OF 
 1 Tyler Myers              Niklas Kronwall          60     1   3  1  
 2 Roman Polak              Andrew MacDonald         40     1   3  1  

4 vs 4 Forward 
   Center                   Wing                     Time % Phy DF OF 
 1 Mikael Granlund          Brad Marchand            60     1   3  1  
 2 Markus Granlund          Michael Grabner          40     1   3  1  

4 vs 4 Defense
   Defense                  Defense                  Time % Phy DF OF 
 1 Tyler Myers              Brian Boyle              60     1   2  2  
 2 Roman Polak              Andrew MacDonald         40     1   2  2  

Last Minutes Offensive
   Center                   Left Wing                Right Wing               Defense                  Defense                  
   Auston Matthews          Brad Marchand            Mikael Granlund          Tyler Myers              Brian Boyle              

Last Minutes Defensive
   Center                   Left Wing                Right Wing               Defense                  Defense                  
   Brian Boyle              Michael Grabner          Leo Komarov              Tyler Myers              Roman Polak              

Goaltenders
Starting : Zane McIntyre            
Backup : Tuukka Rask              

Extra Forwards
Normal : Shane Doan, Marian Gaborik, Matt Read - PP : Shane Doan, Marian Gaborik - PK : Matt Read
Extra Defensemen
Normal : Niklas Kronwall, Dmitry Orlov, Trevor van Riemsdyk - PP : Niklas Kronwall - PK : Dmitry Orlov, Trevor van Riemsdyk
Penalty Shots
Brad Marchand, Mikael Granlund, Auston Matthews, Leo Komarov, Michael Grabner
Custom OT Lines Forwards
Brad Marchand, Mikael Granlund, Brian Boyle, Leo Komarov, Auston Matthews, Michael Grabner, Markus Granlund, Shane Doan, Marian Gaborik, Matt Read
Custom OT Lines Defensemen
Tyler Myers, Brian Boyle, Roman Polak, Andrew MacDonald, Niklas Kronwall

Scratches
Matt Irwin (Healthy), Tim Schaller (Healthy), Aaron Dell (Healthy), Matt Hackett (Healthy)

% Time on Ice - Canadiens

Lines # - Real PCT - Wanted PCT - Time Play
Normal Forward
1 - 29% - 30% - 16:19
2 - 32% - 30% - 17:32
3 - 23% - 25% - 12:37
4 - 16% - 15% - 8:57
Normal Defense
1 - 33% - 32% - 18:16
2 - 31% - 31% - 17:23
3 - 32% - 31% - 17:45
4 - 4% - 6% - 2:01
PP Forward
1 - 65% - 50% - 2:34
2 - 35% - 50% - 1:24
PP Defense
1 - 55% - 50% - 2:11
2 - 45% - 50% - 1:47
PK Forward
1 - 65% - 60% - 0:24
2 - 35% - 40% - 0:13
PK Defense
1 - 100% - 60% - 0:37
2 - 0% - 40% - 0:00
PK3 Forward
1 - 0% - 50%
2 - 0% - 50%
PK3 Defense
1 - 0% - 50%
2 - 0% - 50%
44 Forward
1 - 0% - 50%
2 - 0% - 50%
44 Defense
1 - 0% - 50%
2 - 0% - 50%
Last Minute Offensive  - 0:00
Last Minute Defensive  - 0:00
Total
Forward - 60:00
Defense - 60:00

% Time on Ice - Penguins

Lines # - Real PCT - Wanted PCT - Time Play
Normal Forward
1 - 35% - 34% - 19:29
2 - 29% - 30% - 15:50
3 - 21% - 21% - 11:42
4 - 15% - 15% - 8:24
Normal Defense
1 - 34% - 35% - 19:06
2 - 36% - 35% - 19:46
3 - 30% - 30% - 16:33
4 - 0% - 0% - 0:00
PP Forward
1 - 57% - 60% - 0:21
2 - 43% - 40% - 0:16
PP Defense
1 - 78% - 56% - 0:29
2 - 22% - 44% - 0:08
PK Forward
1 - 75% - 60% - 2:59
2 - 25% - 40% - 0:59
PK Defense
1 - 66% - 60% - 2:38
2 - 34% - 40% - 1:20
PK3 Forward
1 - 0% - 60%
2 - 0% - 40%
PK3 Defense
1 - 0% - 60%
2 - 0% - 40%
44 Forward
1 - 0% - 60%
2 - 0% - 40%
44 Defense
1 - 0% - 60%
2 - 0% - 40%
Last Minute Offensive  - 0:00
Last Minute Defensive  - 0:00
Total
Forward - 60:00
Defense - 60:00

Play by Play

1st period


0:01 of 1st period - Auston Matthews wins face-off versus Bryan Little in neutral zone.
0:08 of 1st period - Tyler Myers is hit by Calvin de Haan and loses puck.
0:45 of 1st period - Snap shot by Nino Niederreiter.
0:45 of 1st period - Stopped by Zane McIntyre without a rebound.
0:46 of 1st period - Ryan Strome wins face-off versus Joel Armia in Penguins zone.
1:20 of 1st period - Wrist shot by Sven Baertschi.
1:20 of 1st period - Stopped by Zane McIntyre with a rebound.
1:39 of 1st period - Off-side.
1:40 of 1st period - Leo Komarov wins face-off versus Bryan Little in neutral zone.
1:46 of 1st period - Minor Penalty to Chris Kreider for Tripping.
1:47 of 1st period - Ryan Strome wins face-off versus Auston Matthews in Canadiens zone.
1:58 of 1st period - Snap shot by Brad Marchand.
1:58 of 1st period - Shot Blocked by Francois Beauchemin.
2:00 of 1st period - Slapshot by Tyler Myers.
2:00 of 1st period - Shot Misses the Net.
2:14 of 1st period - Michael Grabner is hit by Bryan Little and loses puck.
2:21 of 1st period - Slapshot by Brian Boyle.
2:21 of 1st period - Shot Misses the Net.
2:23 of 1st period - Snap shot by Markus Granlund.
2:23 of 1st period - Goal by Markus Granlund - Canadiens : 0 - Penguins : 1.
2:24 of 1st period - Bryan Little wins face-off versus Brian Boyle in neutral zone.
2:33 of 1st period - Snap shot by Brian Boyle.
2:33 of 1st period - Deflect By Michael Grabner.
2:33 of 1st period - Shot Misses the Net.
2:33 of 1st period - Puck is out of play.
2:34 of 1st period - Bryan Little wins face-off versus Brian Boyle in Canadiens zone.
2:47 of 1st period - Icing by Chris Kreider.
2:48 of 1st period - Bryan Little wins face-off versus Auston Matthews in Canadiens zone.
2:48 of 1st period - Bryan Little is hit by Brad Marchand.
2:54 of 1st period - Mikael Granlund is hit by Chris Kreider and loses puck.
3:03 of 1st period - Wrist shot by Auston Matthews.
3:03 of 1st period - Shot Misses the Net.
3:05 of 1st period - Snap shot by Andrew MacDonald.
3:05 of 1st period - Deflect By Brad Marchand.
3:05 of 1st period - Stopped by Brian Elliott with a rebound.
4:25 of 1st period - Wrist shot by Brad Marchand.
4:25 of 1st period - Goal by Brad Marchand - Canadiens : 0 - Penguins : 2.
4:26 of 1st period - MATHEW BARZAL wins face-off versus Brad Marchand in neutral zone.
5:17 of 1st period - Snap shot by Andreas Athanasiou.
5:17 of 1st period - Stopped by Zane McIntyre without a rebound.
5:18 of 1st period - Matt Read wins face-off versus Andreas Athanasiou in Penguins zone.
6:13 of 1st period - Wrist shot by Antoine Roussel.
6:13 of 1st period - Shot Blocked by Andrew MacDonald.
6:15 of 1st period - Slapshot by Brett Pesce.
6:15 of 1st period - Shot Blocked by Niklas Kronwall.
6:27 of 1st period - Snap shot by Sven Baertschi.
6:27 of 1st period - Stopped by Zane McIntyre without a rebound.
6:28 of 1st period - MATHEW BARZAL wins face-off versus Auston Matthews in Penguins zone.
6:55 of 1st period - MATHEW BARZAL is hit by Benoit Pouliot and loses puck.
7:24 of 1st period - Calvin de Haan is hit by Trevor van Riemsdyk.
8:04 of 1st period - Wrist shot by Nino Niederreiter.
8:04 of 1st period - Shot Blocked by Tyler Myers.
8:10 of 1st period - Alexei Emelin is hit by Dmitry Orlov and loses puck.
8:21 of 1st period - Slapshot by Leo Komarov.
8:21 of 1st period - Shot Blocked by Alexei Emelin.
9:27 of 1st period - Andrew MacDonald is hit by Bryan Little and loses puck.
10:08 of 1st period - Snap shot by Markus Granlund.
10:08 of 1st period - Shot Misses the Net.
10:39 of 1st period - Brian Boyle is hit by Nino Niederreiter and loses puck.
11:06 of 1st period - Wrist shot by Brad Marchand.
11:06 of 1st period - Goal by Brad Marchand - Canadiens : 0 - Penguins : 3.
11:07 of 1st period - Auston Matthews wins face-off versus MATHEW BARZAL in neutral zone.
11:32 of 1st period - Bryan Little is hit by Dmitry Orlov and loses puck.
11:53 of 1st period - Snap shot by Nino Niederreiter.
11:53 of 1st period - Stopped by Zane McIntyre with a rebound.
12:01 of 1st period - Snap shot by Reilly Smith.
12:01 of 1st period - Stopped by Zane McIntyre without a rebound.
12:02 of 1st period - Max Pacioretty wins face-off versus Brad Marchand in Penguins zone.
12:29 of 1st period - Brian Boyle is hit by Alexei Emelin and loses puck.
13:09 of 1st period - Snap shot by Marian Gaborik.
13:09 of 1st period - Stopped by Brian Elliott with a rebound.
13:35 of 1st period - Wrist shot by Auston Matthews.
13:35 of 1st period - Shot Misses the Net.
13:37 of 1st period - Snap shot by Niklas Kronwall.
13:37 of 1st period - Stopped by Brian Elliott without a rebound.
13:38 of 1st period - Bryan Little wins face-off versus Brian Boyle in Canadiens zone.
13:43 of 1st period - Snap shot by Bryan Little.
13:43 of 1st period - Shot Misses the Net.
13:51 of 1st period - Snap shot by Leo Komarov.
13:51 of 1st period - Shot Blocked by Alexei Emelin.
13:53 of 1st period - Backhand shot by Leo Komarov.
13:53 of 1st period - Stopped by Brian Elliott without a rebound.
13:54 of 1st period - Brad Marchand wins face-off versus Ryan Strome in Canadiens zone.
13:57 of 1st period - Slapshot by Mikael Granlund.
13:57 of 1st period - Shot Misses the Net.
14:22 of 1st period - Wrist shot by Leo Komarov.
14:22 of 1st period - Deflect By Michael Grabner.
14:22 of 1st period - Shot Misses the Net.
14:22 of 1st period - Puck is out of play.
14:23 of 1st period - Brian Boyle wins face-off versus MATHEW BARZAL in Canadiens zone.
14:37 of 1st period - Off-side.
14:38 of 1st period - Bryan Little wins face-off versus Auston Matthews in neutral zone.
14:51 of 1st period - Wrist shot by Chris Kreider.
14:51 of 1st period - Shot Misses the Net.
15:34 of 1st period - Slapshot by Patrick Marleau.
15:34 of 1st period - Stopped by Zane McIntyre without a rebound.
15:35 of 1st period - Auston Matthews wins face-off versus Bryan Little in Penguins zone.
15:37 of 1st period - Minor Penalty to Brad Marchand for Boarding.
15:38 of 1st period - Bryan Little wins face-off versus Brian Boyle in Penguins zone.
16:12 of 1st period - Wrist shot by Chris Kreider.
16:12 of 1st period - Stopped by Zane McIntyre without a rebound.
16:13 of 1st period - Markus Granlund wins face-off versus Mitchell Marner in Penguins zone.
16:46 of 1st period - Snap shot by Markus Granlund.
16:46 of 1st period - Stopped by Brian Elliott with a rebound.
17:37 of 1st period - Penalty to Brad Marchand is over, Brad Marchand is back on ice.
17:48 of 1st period - Snap shot by Auston Matthews.
17:48 of 1st period - Goal by Auston Matthews - Canadiens : 0 - Penguins : 4.
17:48 of 1st period - Robin Lehner enters game.
17:49 of 1st period - Auston Matthews wins face-off versus Bryan Little in neutral zone.
17:57 of 1st period - Wrist shot by Auston Matthews.
17:57 of 1st period - Stopped by Robin Lehner without a rebound.
17:58 of 1st period - Bryan Little wins face-off versus Auston Matthews in Canadiens zone.
18:07 of 1st period - Roman Polak is hit by Alexei Emelin and loses puck.
18:32 of 1st period - Slapshot by Auston Matthews.
18:32 of 1st period - Deflect By Brad Marchand.
18:32 of 1st period - Shot Blocked by Mitchell Marner.
18:32 of 1st period - Puck is out of play.
18:33 of 1st period - Brian Boyle wins face-off versus MATHEW BARZAL in Canadiens zone.
18:44 of 1st period - Snap shot by Brian Boyle.
18:44 of 1st period - Shot Misses the Net.
18:46 of 1st period - Wrist shot by Leo Komarov.
18:46 of 1st period - Stopped by Robin Lehner with a rebound.
18:48 of 1st period - Snap shot by Michael Grabner.
18:48 of 1st period - Deflect By Leo Komarov.
18:48 of 1st period - Stopped by Robin Lehner with a rebound.
18:58 of 1st period - Tyler Myers is hit by Nino Niederreiter.
19:08 of 1st period - Wrist shot by Nino Niederreiter.
19:08 of 1st period - Shot Misses the Net.
19:38 of 1st period - Mikael Granlund is hit by Alexei Emelin and loses puck.
Goals for this period are 0 for Canadiens vs 4 for Penguins.
Shots for this period are 8 for Canadiens vs 12 for Penguins.

2nd period


0:01 of 2nd period - Brian Boyle wins face-off versus MATHEW BARZAL in neutral zone.
0:10 of 2nd period - Wrist shot by Leo Komarov.
0:10 of 2nd period - Shot Misses the Net.
0:13 of 2nd period - Icing by Max Pacioretty.
0:14 of 2nd period - MATHEW BARZAL wins face-off versus Auston Matthews in Canadiens zone.
0:43 of 2nd period - Snap shot by Reilly Smith.
0:43 of 2nd period - Shot Misses the Net.
0:51 of 2nd period - Wrist shot by Michael Grabner.
0:51 of 2nd period - Shot Misses the Net.
1:03 of 2nd period - Snap shot by Reilly Smith.
1:03 of 2nd period - Stopped by Zane McIntyre without a rebound.
1:04 of 2nd period - Bryan Little wins face-off versus Benoit Pouliot in Penguins zone.
1:09 of 2nd period - Snap shot by Mitchell Marner.
1:09 of 2nd period - Shot Misses the Net.
1:11 of 2nd period - Snap shot by Bryan Little.
1:11 of 2nd period - Stopped by Zane McIntyre with a rebound.
1:29 of 2nd period - Slapshot by Ryan Strome.
1:29 of 2nd period - Stopped by Zane McIntyre without a rebound.
1:30 of 2nd period - Ryan Strome wins face-off versus Brian Boyle in Penguins zone.
1:31 of 2nd period - Snap shot by Reilly Smith.
1:31 of 2nd period - Shot Blocked by Niklas Kronwall.
1:33 of 2nd period - Slapshot by Francois Beauchemin.
1:33 of 2nd period - Shot Misses the Net.
1:35 of 2nd period - Slapshot by Francois Beauchemin.
1:35 of 2nd period - Stopped by Zane McIntyre with a rebound.
1:37 of 2nd period - Wrist shot by Nino Niederreiter.
1:37 of 2nd period - Goal by Nino Niederreiter - Canadiens : 1 - Penguins : 4.
1:38 of 2nd period - Auston Matthews wins face-off versus MATHEW BARZAL in neutral zone.
1:51 of 2nd period - Slapshot by Mikael Granlund.
1:51 of 2nd period - Shot Blocked by Alexei Emelin.
1:53 of 2nd period - Backhand shot by Brad Marchand.
1:53 of 2nd period - Shot Misses the Net.
1:55 of 2nd period - Slapshot by Dmitry Orlov.
1:55 of 2nd period - Shot Hit the Post.
2:05 of 2nd period - MATHEW BARZAL is hit by Joel Armia and loses puck.
3:17 of 2nd period - Wrist shot by Nino Niederreiter.
3:17 of 2nd period - Stopped by Zane McIntyre with a rebound.
3:25 of 2nd period - Brad Marchand is hit by Alexei Emelin and loses puck.
3:42 of 2nd period - Wrist shot by Antoine Roussel.
3:42 of 2nd period - Stopped by Zane McIntyre with a rebound.
3:44 of 2nd period - Slapshot by Calvin de Haan.
3:44 of 2nd period - Stopped by Zane McIntyre without a rebound.
3:45 of 2nd period - Bryan Little wins face-off versus Brian Boyle in Penguins zone.
3:54 of 2nd period - Snap shot by Mitchell Marner.
3:54 of 2nd period - Shot Misses the Net.
3:56 of 2nd period - Slapshot by Brent Seabrook.
3:56 of 2nd period - Shot Misses the Net.
4:00 of 2nd period - Snap shot by Mitchell Marner.
4:00 of 2nd period - Shot Blocked by Tyler Myers.
4:12 of 2nd period - Nino Niederreiter is hit by Brad Marchand and loses puck.
4:19 of 2nd period - Snap shot by Mikael Granlund.
4:19 of 2nd period - Goal by Mikael Granlund - Canadiens : 1 - Penguins : 5.
4:20 of 2nd period - Bryan Little wins face-off versus Brian Boyle in neutral zone.
4:32 of 2nd period - Snap shot by Leo Komarov.
4:32 of 2nd period - Shot Misses the Net.
4:34 of 2nd period - Snap shot by Brian Boyle.
4:34 of 2nd period - Stopped by Robin Lehner without a rebound.
4:35 of 2nd period - Ryan Strome wins face-off versus Auston Matthews in Canadiens zone.
4:35 of 2nd period - Ryan Strome is hit by Niklas Kronwall.
4:55 of 2nd period - Auston Matthews is hit by Ryan Strome and loses puck.
5:02 of 2nd period - Ryan Strome is hit by Niklas Kronwall and loses puck.
5:07 of 2nd period - Wrist shot by Brad Marchand.
5:07 of 2nd period - Stopped by Robin Lehner without a rebound.
5:08 of 2nd period - Brian Boyle wins face-off versus Max Pacioretty in Canadiens zone.
5:21 of 2nd period - Michael Grabner is hit by Brent Seabrook and loses puck.
5:57 of 2nd period - Snap shot by Andreas Athanasiou.
5:57 of 2nd period - Shot Misses the Net.
5:59 of 2nd period - Snap shot by Antoine Roussel.
5:59 of 2nd period - Stopped by Zane McIntyre without a rebound.
6:00 of 2nd period - Bryan Little wins face-off versus Auston Matthews in Penguins zone.
6:21 of 2nd period - Niklas Kronwall is hit by Jake Muzzin and loses puck.
6:34 of 2nd period - Snap shot by Brad Marchand.
6:34 of 2nd period - Shot Misses the Net.
6:58 of 2nd period - Snap shot by Bryan Little.
6:58 of 2nd period - Shot Misses the Net.
7:04 of 2nd period - Chris Kreider is hit by Auston Matthews.
7:10 of 2nd period - Snap shot by Auston Matthews.
7:10 of 2nd period - Stopped by Robin Lehner with a rebound.
7:12 of 2nd period - Snap shot by Mikael Granlund.
7:12 of 2nd period - Stopped by Robin Lehner without a rebound.
7:13 of 2nd period - MATHEW BARZAL wins face-off versus Brian Boyle in Canadiens zone.
7:48 of 2nd period - Off-side.
7:49 of 2nd period - MATHEW BARZAL wins face-off versus Brian Boyle in neutral zone.
7:56 of 2nd period - Snap shot by Leo Komarov.
7:56 of 2nd period - Stopped by Robin Lehner with a rebound.
7:58 of 2nd period - Wrist shot by Leo Komarov.
7:58 of 2nd period - Stopped by Robin Lehner without a rebound.
7:59 of 2nd period - MATHEW BARZAL wins face-off versus Brian Boyle in Canadiens zone.
8:06 of 2nd period - Wrist shot by Leo Komarov.
8:06 of 2nd period - Shot Blocked by MATHEW BARZAL.
8:08 of 2nd period - Snap shot by Leo Komarov.
8:08 of 2nd period - Deflect By Brian Boyle.
8:08 of 2nd period - Goal by Brian Boyle - Canadiens : 1 - Penguins : 6.
8:09 of 2nd period - Ryan Strome wins face-off versus Brian Boyle in neutral zone.
8:18 of 2nd period - Wrist shot by Nino Niederreiter.
8:18 of 2nd period - Stopped by Zane McIntyre without a rebound.
8:19 of 2nd period - Ryan Strome wins face-off versus Brian Boyle in Penguins zone.
8:25 of 2nd period - Wrist shot by Jake Muzzin.
8:25 of 2nd period - Deflect By Ryan Strome.
8:25 of 2nd period - Shot Misses the Net.
8:25 of 2nd period - Puck is out of play.
8:26 of 2nd period - Markus Granlund wins face-off versus MATHEW BARZAL in Penguins zone.
8:30 of 2nd period - Icing by Tyler Myers.
8:31 of 2nd period - MATHEW BARZAL wins face-off versus Markus Granlund in Penguins zone.
8:38 of 2nd period - Snap shot by Max Pacioretty.
8:38 of 2nd period - Shot Blocked by Benoit Pouliot.
8:53 of 2nd period - Icing by Joel Armia.
8:54 of 2nd period - Nino Niederreiter wins face-off versus Brian Boyle in Penguins zone.
8:55 of 2nd period - Wrist shot by Reilly Smith.
8:55 of 2nd period - Shot Misses the Net.
9:09 of 2nd period - Snap shot by Tyler Myers.
9:09 of 2nd period - Stopped by Robin Lehner without a rebound.
9:10 of 2nd period - MATHEW BARZAL wins face-off versus Auston Matthews in Canadiens zone.
10:06 of 2nd period - Slapshot by Brian Boyle.
10:06 of 2nd period - Stopped by Robin Lehner with a rebound.
10:24 of 2nd period - Wrist shot by Matt Read.
10:24 of 2nd period - Stopped by Robin Lehner without a rebound.
10:25 of 2nd period - MATHEW BARZAL wins face-off versus Auston Matthews in Canadiens zone.
10:34 of 2nd period - Wrist shot by Mikael Granlund.
10:34 of 2nd period - Stopped by Robin Lehner without a rebound.
10:35 of 2nd period - MATHEW BARZAL wins face-off versus Auston Matthews in Canadiens zone.
11:05 of 2nd period - Slapshot by Brad Marchand.
11:05 of 2nd period - Shot Misses the Net.
11:19 of 2nd period - Snap shot by Mikael Granlund.
11:19 of 2nd period - Deflect By Patrick Marleau.
11:19 of 2nd period - Stopped by Robin Lehner with a rebound.
11:21 of 2nd period - Snap shot by Andrew MacDonald.
11:21 of 2nd period - Stopped by Robin Lehner with a rebound.
11:23 of 2nd period - Slapshot by Andrew MacDonald.
11:23 of 2nd period - Stopped by Robin Lehner with a rebound.
11:25 of 2nd period - Slapshot by Auston Matthews.
11:25 of 2nd period - Shot Misses the Net.
11:27 of 2nd period - Slapshot by Niklas Kronwall.
11:27 of 2nd period - Stopped by Robin Lehner with a rebound.
11:29 of 2nd period - Wrist shot by Auston Matthews.
11:29 of 2nd period - Stopped by Robin Lehner with a rebound.
12:10 of 2nd period - Snap shot by Auston Matthews.
12:10 of 2nd period - Stopped by Robin Lehner without a rebound.
12:11 of 2nd period - Bryan Little wins face-off versus Brian Boyle in Canadiens zone.
12:11 of 2nd period - Bryan Little is hit by Dmitry Orlov.
12:12 of 2nd period - Bryan Little from Canadiens is injured at 12:12 of 2nd period (Lacerated Right Calf).
12:13 of 2nd period - Reilly Smith wins face-off versus Brian Boyle in Canadiens zone.
12:27 of 2nd period - Slapshot by Mitchell Marner.
12:27 of 2nd period - Shot Misses the Net.
12:45 of 2nd period - Snap shot by Sven Baertschi.
12:45 of 2nd period - Shot Blocked by Tyler Myers.
13:28 of 2nd period - Mikael Granlund is hit by Chris Kreider and loses puck.
13:43 of 2nd period - Snap shot by Tyler Myers.
13:43 of 2nd period - Shot Blocked by Jake Muzzin.
13:49 of 2nd period - Snap shot by Michael Grabner.
13:49 of 2nd period - Stopped by Robin Lehner without a rebound.
13:50 of 2nd period - Chris Kreider wins face-off versus Markus Granlund in Canadiens zone.
13:54 of 2nd period - Off-side.
13:55 of 2nd period - Reilly Smith wins face-off versus Markus Granlund in neutral zone.
14:00 of 2nd period - Slapshot by Chris Kreider.
14:00 of 2nd period - Stopped by Zane McIntyre with a rebound.
14:27 of 2nd period - Backhand shot by Antoine Roussel.
14:27 of 2nd period - Shot Blocked by Trevor van Riemsdyk.
14:29 of 2nd period - Snap shot by Antoine Roussel.
14:29 of 2nd period - Goal by Antoine Roussel - Canadiens : 2 - Penguins : 6.
14:30 of 2nd period - Brian Boyle wins face-off versus Ryan Strome in neutral zone.
14:35 of 2nd period - Brian Boyle is hit by Calvin de Haan and loses puck.
14:56 of 2nd period - Slapshot by Markus Granlund.
14:56 of 2nd period - Shot Misses the Net.
15:21 of 2nd period - Minor Penalty to Benoit Pouliot for Diving.
15:22 of 2nd period - MATHEW BARZAL wins face-off versus Brian Boyle in Penguins zone.
16:16 of 2nd period - Snap shot by Mitchell Marner.
16:16 of 2nd period - Stopped by Zane McIntyre without a rebound.
16:17 of 2nd period - Markus Granlund wins face-off versus Patrick Marleau in Penguins zone.
16:28 of 2nd period - Snap shot by Chris Kreider.
16:28 of 2nd period - Shot Misses the Net.
16:30 of 2nd period - Snap shot by Brett Pesce.
16:30 of 2nd period - Stopped by Zane McIntyre with a rebound.
17:21 of 2nd period - Penalty to Benoit Pouliot is over, Benoit Pouliot is back on ice.
19:16 of 2nd period - Snap shot by Dmitry Orlov.
19:16 of 2nd period - Shot Blocked by Jake Muzzin.
19:33 of 2nd period - Snap shot by Sven Baertschi.
19:33 of 2nd period - Stopped by Zane McIntyre with a rebound.
Goals for this period are 2 for Canadiens vs 2 for Penguins.
Shots for this period are 15 for Canadiens vs 19 for Penguins.

3rd period


0:01 of 3rd period - Ryan Strome wins face-off versus Brian Boyle in neutral zone.
0:04 of 3rd period - Slapshot by Nino Niederreiter.
0:04 of 3rd period - Shot Misses the Net.
0:55 of 3rd period - Patrick Marleau is hit by Brad Marchand and loses puck.
1:12 of 3rd period - Slapshot by Sven Baertschi.
1:12 of 3rd period - Shot Misses the Net.
1:14 of 3rd period - Snap shot by Antoine Roussel.
1:14 of 3rd period - Goal by Antoine Roussel - Canadiens : 3 - Penguins : 6.
1:15 of 3rd period - Brian Boyle wins face-off versus Ryan Strome in neutral zone.
1:18 of 3rd period - Slapshot by Trevor van Riemsdyk.
1:18 of 3rd period - Shot Misses the Net.
1:20 of 3rd period - Snap shot by Trevor van Riemsdyk.
1:20 of 3rd period - Deflect By Reilly Smith.
1:20 of 3rd period - Stopped by Robin Lehner with a rebound.
1:22 of 3rd period - Snap shot by Trevor van Riemsdyk.
1:22 of 3rd period - Stopped by Robin Lehner without a rebound.
1:23 of 3rd period - Brian Boyle wins face-off versus Ryan Strome in Canadiens zone.
1:28 of 3rd period - Wrist shot by Michael Grabner.
1:28 of 3rd period - Shot Misses the Net.
1:30 of 3rd period - Wrist shot by Trevor van Riemsdyk.
1:30 of 3rd period - Stopped by Robin Lehner with a rebound.
1:32 of 3rd period - Slapshot by Roman Polak.
1:32 of 3rd period - Stopped by Robin Lehner with a rebound.
1:36 of 3rd period - Backhand shot by Brian Boyle.
1:36 of 3rd period - Stopped by Robin Lehner with a rebound.
1:38 of 3rd period - Slapshot by Roman Polak.
1:38 of 3rd period - Stopped by Robin Lehner with a rebound.
1:55 of 3rd period - Snap shot by Chris Kreider.
1:55 of 3rd period - Stopped by Zane McIntyre without a rebound.
1:56 of 3rd period - Reilly Smith wins face-off versus Leo Komarov in Penguins zone.
2:10 of 3rd period - Off-side.
2:11 of 3rd period - MATHEW BARZAL wins face-off versus Auston Matthews in neutral zone.
2:47 of 3rd period - Backhand shot by Brian Boyle.
2:47 of 3rd period - Stopped by Robin Lehner with a rebound.
3:03 of 3rd period - Mitchell Marner is hit by Shane Doan and loses puck.
3:10 of 3rd period - Slapshot by Shane Doan.
3:10 of 3rd period - Shot Misses the Net.
3:20 of 3rd period - Tyler Myers is hit by Alexei Emelin and loses puck.
3:41 of 3rd period - Brad Marchand is hit by Brent Seabrook and loses puck.
4:19 of 3rd period - Matt Read is hit by MATHEW BARZAL and loses puck.
4:30 of 3rd period - Slapshot by Tyler Myers.
4:30 of 3rd period - Stopped by Robin Lehner with a rebound.
4:46 of 3rd period - Snap shot by Joel Armia.
4:46 of 3rd period - Stopped by Robin Lehner without a rebound.
4:47 of 3rd period - MATHEW BARZAL wins face-off versus Auston Matthews in Canadiens zone.
5:44 of 3rd period - Snap shot by Chris Kreider.
5:44 of 3rd period - Shot Blocked by Matt Read.
5:46 of 3rd period - Snap shot by Brent Seabrook.
5:46 of 3rd period - Shot Blocked by Niklas Kronwall.
6:19 of 3rd period - Wrist shot by Sven Baertschi.
6:19 of 3rd period - Shot Blocked by Niklas Kronwall.
6:47 of 3rd period - Marian Gaborik is hit by Nino Niederreiter and loses puck.
7:40 of 3rd period - Snap shot by Andreas Athanasiou.
7:40 of 3rd period - Stopped by Zane McIntyre without a rebound.
7:41 of 3rd period - Brian Boyle wins face-off versus Ryan Strome in Penguins zone.
7:41 of 3rd period - Brian Boyle is hit by Ryan Strome.
7:51 of 3rd period - Wrist shot by Mitchell Marner.
7:51 of 3rd period - Shot Misses the Net.
7:53 of 3rd period - Slapshot by Calvin de Haan.
7:53 of 3rd period - Stopped by Zane McIntyre without a rebound.
7:54 of 3rd period - MATHEW BARZAL wins face-off versus Auston Matthews in Penguins zone.
8:02 of 3rd period - Off-side.
8:03 of 3rd period - Auston Matthews wins face-off versus MATHEW BARZAL in neutral zone.
8:41 of 3rd period - Slapshot by Brent Seabrook.
8:41 of 3rd period - Shot Misses the Net.
9:31 of 3rd period - Wrist shot by Mikael Granlund.
9:31 of 3rd period - Shot Misses the Net.
9:33 of 3rd period - Wrist shot by Auston Matthews.
9:33 of 3rd period - Deflect By Brad Marchand.
9:33 of 3rd period - Stopped by Robin Lehner with a rebound.
9:47 of 3rd period - Snap shot by Brad Marchand.
9:47 of 3rd period - Stopped by Robin Lehner without a rebound.
9:48 of 3rd period - Reilly Smith wins face-off versus Brian Boyle in Canadiens zone.
9:48 of 3rd period - Reilly Smith is hit by Leo Komarov.
9:56 of 3rd period - Snap shot by Chris Kreider.
9:56 of 3rd period - Stopped by Zane McIntyre without a rebound.
9:57 of 3rd period - Brian Boyle wins face-off versus Reilly Smith in Penguins zone.
10:16 of 3rd period - Brian Boyle is hit by Alexei Emelin.
11:00 of 3rd period - Backhand shot by Mitchell Marner.
11:00 of 3rd period - Shot Misses the Net.
11:02 of 3rd period - Snap shot by Chris Kreider.
11:02 of 3rd period - Shot Blocked by Tyler Myers.
11:04 of 3rd period - Slapshot by Francois Beauchemin.
11:04 of 3rd period - Stopped by Zane McIntyre without a rebound.
11:05 of 3rd period - Markus Granlund wins face-off versus Andreas Athanasiou in Penguins zone.
12:40 of 3rd period - Auston Matthews is hit by Antoine Roussel and loses puck.
12:53 of 3rd period - Marian Gaborik is hit by Nino Niederreiter and loses puck.
15:10 of 3rd period - Roman Polak is hit by Max Pacioretty and loses puck.
15:45 of 3rd period - Snap shot by Markus Granlund.
15:45 of 3rd period - Deflect By Michael Grabner.
15:45 of 3rd period - Stopped by Robin Lehner without a rebound.
15:46 of 3rd period - Brian Boyle wins face-off versus Ryan Strome in Canadiens zone.
16:01 of 3rd period - Snap shot by Brian Boyle.
16:01 of 3rd period - Deflect By Leo Komarov.
16:01 of 3rd period - Stopped by Robin Lehner with a rebound.
16:19 of 3rd period - Snap shot by Brad Marchand.
16:19 of 3rd period - Deflect By Antoine Roussel.
16:19 of 3rd period - Shot Blocked by Brent Seabrook.
16:19 of 3rd period - Puck is out of play.
16:20 of 3rd period - Auston Matthews wins face-off versus Chris Kreider in Canadiens zone.
16:58 of 3rd period - Wrist shot by Chris Kreider.
16:58 of 3rd period - Shot Blocked by Joel Armia.
17:30 of 3rd period - MATHEW BARZAL is hit by Mikael Granlund and loses puck.
18:05 of 3rd period - Wrist shot by Max Pacioretty.
18:05 of 3rd period - Shot Blocked by Auston Matthews.
18:23 of 3rd period - Wrist shot by Max Pacioretty.
18:23 of 3rd period - Shot Misses the Net.
18:35 of 3rd period - Auston Matthews is hit by MATHEW BARZAL and loses puck.
18:42 of 3rd period - Snap shot by MATHEW BARZAL.
18:42 of 3rd period - Shot Blocked by Andrew MacDonald.
18:44 of 3rd period - Wrist shot by Brett Pesce.
18:44 of 3rd period - Stopped by Zane McIntyre with a rebound.
18:46 of 3rd period - Slapshot by MATHEW BARZAL.
18:46 of 3rd period - Stopped by Zane McIntyre with a rebound.
18:48 of 3rd period - Wrist shot by Patrick Marleau.
18:48 of 3rd period - Stopped by Zane McIntyre with a rebound.
19:00 of 3rd period - Wrist shot by Patrick Marleau.
19:00 of 3rd period - Stopped by Zane McIntyre without a rebound.
19:01 of 3rd period - Brian Boyle wins face-off versus Ryan Strome in Penguins zone.
19:28 of 3rd period - Chris Kreider is hit by Benoit Pouliot and loses puck.
19:49 of 3rd period - Dmitry Orlov is hit by Jake Muzzin and loses puck.
Goals for this period are 1 for Canadiens vs 0 for Penguins.
Shots for this period are 10 for Canadiens vs 13 for Penguins.